 Seeded DCSS version 0.28-a0-906-g0406aca7d3 (webtiles) character file.

Game seed: 20211124 (custom seed)

99 a11behringer the Shield-Bearer (level 5, -1/40 (42) HPs)
             Began as a Formicid Fighter on Nov 24, 2021.
             Slain by Crazy Yiuf (2 damage)
             ... on level 2 of the Dungeon.
             The game lasted 00:05:15 (2620 turns).

a11behringer the Shield-Bearer (Formicid Fighter)   Turns: 2620, Time: 00:05:15

HP:   -1/40 (42)    AC: 10    Str: 21    XL:     5   Next: 2%
MP:   5/5           EV:  7    Int:  8    God:
Gold: 57            SH:  4    Dex: 10    Spells: 4/4 levels left

rFire   . . .      SeeInvis +   a - +0 war axe
rCold   . . .      Faith    .   c - +0 buckler
rNeg    . . .      Spirit   .   g - +0 chain mail
rPois   .          Reflect  .   (helmet unavailable)
rElec   .          Harm     .   (no cloak)
rCorr   .          Rampage  .   (no gloves)
Will    .....                   l - +0 pair of boots
Stlth   ..........              (no amulet)
HPRegen 0.13/turn               (no ring)
MPRegen 0.09/turn               (no ring)

@: lightly drained
A: permanent stasis, dig shafts and tunnels, antennae 3, four strong arms
a: Dig, Shaft Self


You were on level 2 of the Dungeon.
You visited 1 branch of the dungeon, and saw 2 of its levels.

You collected 57 gold pieces.

Inventory:

Hand Weapons
 a - a +0 war axe (weapon)
Armour
 b - a +0 scale mail
 c - a +0 buckler (worn)
 g - a +0 chain mail (worn)
 l - a +0 pair of boots (worn)
Scrolls
 e - 3 scrolls of fear {unknown}
 f - 2 scrolls of identify {unknown}
 h - a scroll of brand weapon {unknown}
 j - a scroll of enchant armour {unknown}
Potions
 d - a potion of might
 i - a potion of degeneration {unknown}
 k - 2 potions of heal wounds {unknown}


   Skills:
 + Level 3.8 Fighting
 * Level 3.5 Axes
 + Level 4.0 Armour
 + Level 0.1 Dodging
 + Level 4.1 Shields


You had 4 spell levels left.
You didn't know any spells.
Your spell library was empty.

Dungeon Overview and Level Annotations

Branches:
Dungeon (2/15)

Altars:

Annotations:
D:2 Crazy Yiuf


Innate Abilities, Weirdness & Mutations

You cannot be hasted, slowed, berserked, paralysed or teleported.
You can dig through walls and to a lower floor.
You have a pair of large antennae on your head. (SInv)
Your four strong arms can wield two-handed weapons with a shield.


Message History

The endoplasm freezes you.
You are frozen.
The endoplasm barely misses you.
You slash the endoplasm!
You kill the endoplasm!
You see here a +0 pair of boots.
Drop what? 11/52 slots (_ for help) (? for menu, Esc to quit)
Okay, then.
l - a +0 pair of boots You start putting on your armour.
You continue putting on your +0 pair of boots. x4
You finish putting on your +0 pair of boots.
Found a pair of boots.
You see here a +0 robe.
There is a stone staircase leading up here.
Crazy Yiuf shouts!
You open the door.
Crazy Yiuf laughs, "Flower sizzlefizz wrapper!"
You hit Crazy Yiuf but do no damage.
Crazy Yiuf hits you with a +3 quarterstaff of chaos!
You feel drained.
Crazy Yiuf hits you with a +3 quarterstaff of chaos!
You hit Crazy Yiuf.
Crazy Yiuf is moderately wounded.
You block Crazy Yiuf's attack.
You hit Crazy Yiuf.
Crazy Yiuf is heavily wounded.
Crazy Yiuf hits you with a +3 quarterstaff of chaos.
* * * LOW HITPOINT WARNING * * *
Crazy Yiuf burns you.
* * * LOW HITPOINT WARNING * * *
You barely miss Crazy Yiuf.
Crazy Yiuf is heavily wounded.
Crazy Yiuf hits you with a +3 quarterstaff of chaos.
* * * LOW HITPOINT WARNING * * *
Crazy Yiuf freezes you.
* * * LOW HITPOINT WARNING * * *
Crazy Yiuf hits you with a +3 quarterstaff of chaos.
* * * LOW HITPOINT WARNING * * *
Crazy Yiuf burns you.
You die...

###.#..####..#........##.#.###.
###........############.##.#.#...
...........# #.........#.
###.##...### ##### #######.###.
#.#......# #)..# #...). #
#.#.##.### #...# ###### #
#.....># ... # ###.#### #g# ##
#)# ♣@♣♣ .####.### ♣♣.♣ .##.....#
♣.♣♣ .##.....# ♣♣.♣ .##.....#
♣♣.♣♣ .##.....# ♣♣...♣ .##.....#
♣....♣ .######## #....# ##
#####....#


You could see Crazy Yiuf.

Vanquished Creatures
  Jessica (D:2)
  2 adders (D:2)
  A worm (D:2)
  3 bats
  4 endoplasms
  2 giant cockroaches
  4 goblins
  5 hobgoblins
  8 jackals
  4 kobolds
  2 quokkas (D:1)
  4 ball pythons
  3 frilled lizards
  3 rats
46 creatures vanquished.

Notes
Turn   | Place    | Note
-------+----------+-------------------------------------------
     0 | D:1      | a11behringer the Formicid Fighter began the quest for the
                  | Orb.
     0 | D:1      | Reached XP level 1. HP: 18/18 MP: 1/1
   359 | D:1      | Reached XP level 2. HP: 23/24 MP: 2/2
   378 | D:1      | Found a faded altar of an unknown god.
   880 | D:1      | You fall into a shaft and drop 1 floor!
   883 | D:2      | Noticed Jessica
   885 | D:2      | Reached XP level 3. HP: 29/29 MP: 3/3
   894 | D:2      | Killed Jessica
   897 | D:2      | Reached XP level 4. HP: 7/37 MP: 4/4
  1483 | D:2      | HP: 1/37 [adder (2)]
  2255 | D:2      | Found a runed translucent door.
  2256 | D:2      | Noticed Crazy Yiuf
  2355 | D:2      | Reached XP level 5. HP: 37/42 MP: 5/5
  2620 | D:2      | HP: 1/40 [Crazy Yiuf (4)]
  2620 | D:2      | Slain by Crazy Yiuf

Illustrated notes

Levels and vault maps discovered:
D:1:      psy_arrival_radial01, layout_loops_corners,
          hellmonk_ecumenical_altar_leap_of_faith
D:2:      layout_loops_cross, uniq_jessica, uniq_crazy_yiuf_cottage

Skill      XL: |  1  2  3  4 |
---------------+-------------+-----
Axes           | 3 |  3.5
Armour         | 4 |  4.0
Shields        | 4 |  4.1
Fighting       | |  3.8
Dodging        | |  0.1

Action                   |  1- 3 |  4- 6 || total
-------------------------+-------+-------++-------
Melee: War axe           |    52 |   109 ||   161
Armor: Scale mail        |    11 |       ||    11
       Chain mail        |     6 |    62 ||    68
Dodge: Dodged            |    18 |    55 ||    73
Block: Buckler           |     6 |    29 ||    35

Table legend: (Time is in decaauts)
 A = Elapsed time spent in this place.
 B = Non-inter-level travel time spent in this place.
 C = Inter-level travel time spent in this place.
 D = Time resting spent in this place.
 E = Time spent auto-exploring this place.
 F = Levels seen in this place.
 G = Mean time per level.
                   A        B        C        D        E       F      G
               +--------+--------+--------+--------+--------+-----+--------+
         Total |   2678 |   2526 |    152 |      0 |   2144 |   2 | 1339.0 |
       Dungeon |   2678 |   2526 |    152 |      0 |   2144 |   2 | 1339.0 |
               +--------+--------+--------+--------+--------+-----+--------+

Top non-repeatable levels by time:
     D:2: 1489 daAuts
     D:1: 1188 daAuts
